Map: Goldenaura LE

Players

demzi - Winner!

  • Race: Zerg Zerg
  • League: Silver
  • Spawn Location: 5:00

vampirek

  • Race: Terran Terran
  • Spawn Location: 12:00

VOD

Have the link to the VOD?

Description

Time

  • Played on: March 20, 2024, 3:32 p.m.
  • Length: 10:48
Show
View Real Time Build Order
Export as new Build Order

demzi Zerg - Winner!

Build Orders: Hatch First 

Get SALT Encoding   

  12  0:00  Drone  
  13  0:16  Overlord  
  13  0:20  Drone  
  14  0:35  Drone x2  
  16  0:50  Hatchery  
  16  0:53  Drone  
  16  0:58  Drone  
  17  1:12  Spawning Pool  
  17  1:18  Drone, Extractor  
  17  1:20  Drone  
  17  1:24  Drone  
  18  1:32  Drone  
  19  1:46  Drone  
  20  1:54  Overlord  
  20  2:09  Drone x2  
  20  2:10  Queen  
  20  2:11  Queen  
  26  2:24  Drone  
  26  2:25  Drone x2  
  26  2:26  Drone  
  30  2:41  Overlord  
  30  2:43  Overlord  
  30  2:48  Lair  
  30  2:51  Queen  
  32  2:54  Drone x2  
  32  2:56  Drone  
  35  2:59  Metabolic Boost  
  35  3:01  Drone  
  36  3:10  Extractor  
  36  3:11  Drone x2, Extractor  
  36  3:22  Drone x2  
  36  3:23  Drone  
  36  3:24  Drone x3  
  36  3:25  Drone  
  36  3:26  Drone  
  44  3:34  Overlord  
  44  3:51  Roach Warren  
  44  3:53  Evolution Chamber  
  44  3:54  Drone x2  
  44  3:56  Drone x4, Evolution Chamber  
  44  3:59  Drone  
  44  4:00  Drone x2  
  44  4:02  Extractor, Drone  
  50  4:20  Zerg Missile Weapons Level 1, Hatchery  
  50  4:24  Zerg Ground Armor Level 1  
  49  4:31  Glial Reconstitution  
  49  4:32  Roach  
  49  4:33  Roach  
  49  4:35  Roach  
  49  4:38  Roach  
  57  4:40  Roach  
  59  4:58  Drone  
  59  4:59  Overlord x2  
  60  5:00  Overlord x2  
  60  5:20  Drone x6  
  60  5:21  Drone  
  67  5:37  Queen  
  67  5:38  Drone x5  
  67  5:39  Drone x2  
  67  5:40  Extractor  
  67  5:41  Extractor  
  74  5:46  Roach x3  
  74  5:49  Ravager x3  
  83  5:54  Overlord  
  83  5:56  Overlord x2  
  83  6:00  Drone x3  
  83  6:02  Drone x3  
  89  6:05  Drone  
  90  6:12  Overlord x2  
  90  6:20  Roach  
  90  6:22  Ravager x3  
  95  6:26  Drone  
  95  6:29  Drone x2  
  98  6:34  Zerg Missile Weapons Level 2  
  98  6:36  Zerg Ground Armor Level 2  
  98  6:38  Roach x7  
  112  6:57  Roach x5  
  122  7:05  Overlord x5  
  122  7:13  Overlord x2  
  122  7:14  Tunneling Claws  
  122  7:19  Hydralisk Den  
  122  7:21  Drone x3  
  122  7:22  Hatchery  
  123  7:25  Roach x3  
  123  7:26  Roach x2  
  133  7:32  Ravager x3  
  138  7:37  Roach x5  
  138  7:38  Roach x3  
  152  7:50  Roach  
  152  7:51  Roach x4  
  162  7:53  Overlord  
  162  7:54  Overlord  
  162  7:57  Ravager x4  
  166  8:00  Muscular Augments  
  166  8:10  Hydralisk  
  166  8:11  Hydralisk x6  
  180  8:16  Ravager x2  
  182  8:42  Drone x18  
  200  9:02  Extractor  
  199  9:04  Extractor, Queen  
  149  10:30  Hatchery  
Show
View Real Time Build Order
Export as new Build Order

vampirek Terran 

Build Orders:  

Get SALT Encoding   

  12  0:01  SCV  
  13  0:18  Supply Depot  
  13  0:28  Refinery  
  13  0:31  SCV  
  14  0:46  Barracks  
  15  0:50  SCV  
  15  1:02  SCV  
  16  1:14  SCV  
  17  1:26  SCV  
  18  1:33  Supply Depot  
  18  1:39  Factory  
  18  1:51  Barracks Reactor  
  18  2:00  SCV  
  19  2:07  Supply Depot  
  19  2:12  SCV  
  20  2:20  Refinery  
  20  2:34  Supply Depot, Starport  
  20  2:35  Marine x2  
  22  2:52  Marine  
  22  2:53  Marine  
  24  3:08  SCV  
  24  3:10  Marine x2  
  24  3:12  Starport Reactor  
  27  3:13  Engineering Bay  
  27  3:21  SCV  
  28  3:28  Marine x2  
  30  3:39  Supply Depot  
  30  3:45  Terran Infantry Weapons Level 1  
  30  3:46  Marine x2  
  32  3:51  Medivac  
  34  3:57  Medivac  
  36  4:04  Marine x2  
  38  4:12  Supply Depot  
  38  4:22  Medivac, Marine x2  
  42  4:37  Medivac  
  44  4:39  Marine x2  
  46  4:57  Marine x2  
  48  5:00  Medivac  
  50  5:12  Supply Depot  
  50  5:15  Marine x2  
  50  5:18  Viking  
  54  5:29  Viking  
  54  5:33  Marine x2  
  58  5:49  Terran Infantry Armor Level 1  
  58  5:51  Marine x2  
  60  6:08  Marine  
  60  6:09  Marine  
  62  6:11  Viking  
  64  6:26  Marine x2  
  64  6:27  Supply Depot  
  66  6:44  Marine x2  
  68  6:47  Viking  
  68  6:51  Cyclone  
  72  7:02  Marine x2  
  74  7:20  Marine x2  
  76  7:23  Cyclone  
  76  7:28  Armory  
  78  7:37  Marine  
  78  7:39  Supply Depot  
  79  8:00  Viking, Cyclone, Marine x2  
  79  8:05  Supply Depot  
  85  8:18  Marine x2  
  87  8:28  Viking  
  87  8:32  Cyclone  
  91  8:36  Marine x2  
  93  8:53  Marine x2  
  95  9:36  Marine x2  
  95  9:37  Cyclone  
  86  9:54  Marine x2  
  84  10:09  Cyclone  
Tags
 
League
Silver
Matchup
TvZ
Replay Pack
Multiplayer
Spawn Locations
Cross Positions
Add a new tag
Caveats
  • Supply blocks, unpowered buildings, or Contaminate may cause inaccurate times.
  • Supply counts are checked every 10 seconds.